 Dungeon Crawl Stone Soup version 0.30.0-19-g36f170ea60 (webtiles) character file.

Game seed: 358277667427402392

94 CaptainMV the Shield-Bearer (level 4, -1/35 HPs)
             Began as a Draconian Wanderer on May 31, 2023.
             Slain by a lemure (3 damage)
             ... led by Pikel
             ... on level 4 of the Dungeon.
             The game lasted 00:15:08 (1974 turns).

CaptainMV the Shield-Bearer (Draconian Wanderer)    Turns: 1974, Time: 00:15:10

Health: -1/35      AC:  7    Str: 15    XL:     4   Next: 38%
Magic:  5/5        EV: 12    Int: 12    God:
Gold:   103        SH:  5    Dex: 12    Spells: 5/5 levels left

rFire   + . .        a - +0 spear
rCold   + . .        d - +0 buckler
rNeg    . . .        (body armour unavailable)
rPois   +            (helmet restricted)
rElec   +            j - +0 cloak
rCorr   +            c - +0 pair of gloves
SInv    .            (no boots)
Will    .....        (no amulet)
Stlth   +            (no ring)
HPRegen 0.25/turn    (no ring)
MPRegen 0.09/turn

%: no passive effects
@: resistant
A: AC +5, unfitting armour, cold-blooded
a: no special abilities


You were on level 4 of the Dungeon.
You visited 1 branch of the dungeon, and saw 4 of its levels.

You collected 103 gold pieces.

Inventory:

Hand Weapons
 a - a +0 spear (weapon)
Missiles
 b - 2 throwing nets
 m - 5 javelins (quivered)
Armour
 c - a +0 pair of gloves (worn)
 d - a +0 buckler (worn)
 j - a +0 cloak (worn)
Scrolls
 h - 4 scrolls of magic mapping
Potions
 g - a potion of haste


   Skills:
 + Level 1.5 Fighting
 + Level 2.8 Polearms
 + Level 3.3 Dodging
 + Level 0.9 Stealth
 + Level 3.9 Shields
 + Level 1.0 Spellcasting


You had 5 spell levels left.
You didn't know any spells.
Your spell library contained the following spells:

 Spells                   Type           Power      Damage    Failure   Level
 Ensorcelled Hibernation  Hex/Ice        0%         N/A       50%         2
 Passwall                 Tmut/Erth      0%         N/A       50%         2
 Swiftness                Air            0%         N/A       75%         3


Dungeon Overview and Level Annotations

Branches:
Dungeon (4/15)
 Temple: D:4-7

Altars:

Annotations:
D:4 Pikel


Innate Abilities, Weirdness & Mutations

Your plain brown scales are hard. (AC +5)
You cannot fit into any form of body armour.
You are cold-blooded and may be slowed by cold attacks.


Message History

It was a potion of resistance.
You feel protected. You block Pikel's attack. The lemure barely misses you.
It was a potion of heal wounds.
You feel much better.
Pikel hits you with a +0 whip of flaming.
The lemure barely misses you.
You hit Pikel.
Pikel is moderately wounded.
Pikel barely misses you. The lemure barely misses you.
You barely miss Pikel.
Your tail-slap misses Pikel.
Pikel is moderately wounded.
The lemure misses you. Pikel hits you but does no damage.
You hit Pikel but do no damage.
Pikel is moderately wounded.
The orc wizard gestures wildly while chanting.
The orc wizard flickers and vanishes!
The lemure misses you.
Pikel says, "I'm sure the Orcish Mines are around here somewhere..."
Pikel misses you.
You hit Pikel.
Pikel is moderately wounded.
Pikel hits you with a +0 whip of flaming.
The lemure closely misses you.
You hit Pikel.
Pikel is heavily wounded.
The lemure hits you but does no damage.
Pikel hits you with a +0 whip of flaming.
You closely miss Pikel.
Pikel is heavily wounded.
Pikel closely misses you. You block the lemure's attack.
You barely miss Pikel.
Pikel is heavily wounded.
Pikel barely misses you. The lemure hits you but does no damage.
You closely miss Pikel.
Pikel is heavily wounded.
Pikel hits you with a +0 whip of flaming!
* * * LOW HITPOINT WARNING * * *
Pikel burns you.
* * * LOW HITPOINT WARNING * * *
The lemure hits you.
You die...

..o5........#
.....5.<....#
..#.#.#.....#
.oo.........#
..#.###.#...#
.o#...55....#
......o5#...#
....###K#...#
... #@#.....
........5......
.#.######...#.#
...#.# <.# ..#
.. .##


You could see Pikel, 4 lemures and an orc wizard.

Vanquished Creatures
  An orc wizard (D:3)
  2 adders
  2 dart slugs
  4 orcs (D:3)
  3 ball pythons
  4 endoplasms
  A giant cockroach (D:1)
  5 goblins
  3 hobgoblins
  A jackal (D:3)
  4 kobolds
  3 quokkas
  5 bats
  A frilled lizard (D:1)
  2 rats (D:2)
41 creatures vanquished.

Notes
Turn   | Place    | Note
-------+----------+-------------------------------------------
     0 | D:1      | CaptainMV the Draconian Wanderer began the quest for the
                  | Orb.
     0 | D:1      | CaptainMV set off with the following items: a +0 spear, 2
                  | throwing nets, a +0 pair of gloves, a +0 buckler, a scroll
                  | of fear.
     0 | D:1      | Reached XP level 1. HP: 16/16 MP: 2/2
   515 | D:1      | Reached XP level 2. HP: 22/23 MP: 3/3
  1218 | D:2      | Reached XP level 3. HP: 28/28 MP: 4/4
  1410 | D:3      | Reached XP level 4. HP: 10/35 MP: 5/5
  1939 | D:4      | Noticed a lemure
  1939 | D:4      | Noticed a lemure
  1941 | D:4      | Noticed Pikel
  1942 | D:4      | Noticed a lemure
  1944 | D:4      | Noticed a lemure
  1974 | D:4      | Slain by a lemure

Illustrated notes

Levels and vault maps discovered:
D:1:      dpeg_arrival_shrine, layout_basic
D:2:      layout_basic
D:3:      layout_loops_ring
D:4:      layout_basic, mainiacjoe_overflow_catwalk,
          mainiacjoe_overflow_catwalk_spiral, uniq_grinder, uniq_pikel

Skill      XL: |  1  2 |
---------------+-------+-----
Dodging        | 3 |  3.3
Fighting       | |  1.5
Polearms       | |  2.8
Stealth        | |  0.9
Shields        | |  3.9
Spellcasting   | |  1.0

Action                     |  1- 3 |  4- 6 || total
---------------------------+-------+-------++-------
  Melee: Spear             |   133 |    71 ||   204
         Tailslap          |    15 |     4 ||    19
    Use: Potion            |     3 |     2 ||     5
         Scroll            |     1 |     3 ||     4
   Stab: Sleeping          |     2 |       ||     2
 Armour: Skin              |    51 |    18 ||    69
  Dodge: Dodged            |    48 |    36 ||    84
  Block: Buckler           |    21 |     9 ||    30
